 Dungeon Crawl Stone Soup version 0.31-a0-1074-g0b22e4e0f1 (webtiles) character file.

Game seed: 11673423759850736473

9 Rennog the Sneak (level 2, -6/27 HPs)
             Began as a Ghoul Delver on Dec 4, 2023.
             Mangled by a scorpion (7 damage)
             ... on level 5 of the Dungeon.
             The game lasted 00:00:31 (46 turns).

Rennog the Sneak (Ghoul Delver)                       Turns: 46, Time: 00:00:32

Health: -6/27      AC:  3    Str: 15    XL:     2   Next: 12%
Magic:  1/1        EV: 11    Int:  9    God:
Gold:   9          SH:  0    Dex: 10    Spells: 1/1 levels left

rFire   . .          .
                       - Unarmed
rCold   + . .        (no shield)
rNeg    + + +        a - +0 leather armour
rPois   ∞            (no helmet)
rElec   .            (no cloak)
rCorr   .            (no gloves)
SInv    .            (no boots)
Will    .....        (no amulet)
Stlth   +++          (no ring)
HPRegen 0.00/turn    (no ring)
MPRegen 0.07/turn

%: no passive effects
@: inhibited regen
A: claws 1, cold resistance 1, negative energy resistance 3, inhibited
regeneration, torment resistance 2, devour on kill
a: no special abilities


You were on level 5 of the Dungeon.
You visited 1 branch of the dungeon, and saw 1 of its levels.

You collected 9 gold pieces.

Inventory:

Armour
 a - a +0 leather armour (worn)
Wands
 f - a wand of digging (3)
Scrolls
 b - a scroll of fog
 c - a scroll of revelation
 d - a scroll of fear
Potions
 e - a potion of haste


   Skills:
 * Level 3.8 Fighting
 + Level 0.1 Armour
 - Level 1.7 Dodging
 - Level 5.4 Stealth
 + Level 2.3 Unarmed Combat


You had one spell level left.
You didn't know any spells.
Your spell library was empty.

Dungeon Overview and Level Annotations

Branches:
Dungeon (5/15)
 Temple: D:4-7

Altars:


Innate Abilities, Weirdness & Mutations

You are immune to poison.
You have sharp fingernails.
Your flesh is cold resistant. (rC+)
You are immune to negative energy. (rN+++)
You do not regenerate when monsters are visible.
You are immune to unholy pain and torment.
You thrive by killing the living.


Message History

The adder is heavily wounded.
The adder barely misses you. x2
You scratch the adder but do no damage.
The adder is heavily wounded.
The adder bites you but does no damage. The scorpion attacks as it pursues you!
The scorpion completely misses you. The adder bites you.
The adder attacks as it pursues you! The adder closely misses you.
You miss the adder.
The adder is heavily wounded.
The adder barely misses you.
You barely miss the adder.
The adder is heavily wounded.
The adder bites you. The adder barely misses you.
You claw the adder!
You kill the adder!
You have reached level 2!
You barely miss the scorpion. The scorpion stings you! The scorpion stings you.
You scratch the scorpion.
The scorpion is lightly wounded.
The scorpion stings you.
* * * LOW HITPOINT WARNING * * *
You closely miss the scorpion.
The scorpion is lightly wounded.
The scorpion misses you.
You claw the scorpion!
The scorpion is heavily wounded.
The scorpion stings you but does no damage.
You barely miss the scorpion.
The scorpion is heavily wounded.
The scorpion misses you.
You scratch the scorpion.
The scorpion is severely wounded.
The scorpion misses you.
You scratch the scorpion.
The scorpion is almost dead.
The scorpion stings you.
* * * LOW HITPOINT WARNING * * *
The scorpion stings you!
You die...

#.# #.# ## #.# ..
#.# .#
#######.####.##
##..........>..##
##...####.##.....#
#.###.###.#.......
#@# #...>.........
#s###..####.......
#....#.# #......#
#....#.## #.#...##
#..#....# #.#..##
##...#..# ..#..#
##...........>#
####..##.## ..# #


You could see a scorpion.

Vanquished Creatures
  An adder (D:5)
1 creature vanquished.

Notes
Turn   | Place    | Note
-------+----------+-------------------------------------------
     0 | D:5      | Rennog the Ghoul Delver began the quest for the Orb.
     0 | D:5      | Reached XP level 1. HP: 19/19 MP: 0/0
    25 | D:5      | Noticed a scorpion
    40 | D:5      | Reached XP level 2. HP: 18/27 MP: 1/1
    46 | D:5      | HP: 1/27 [scorpion (6)]
    46 | D:5      | Mangled by a scorpion

Illustrated notes

Levels and vault maps discovered:
D:5:      layout_loops_ring, cheibriados_altar_1, serial_glass, glass_columns_c,
          glass_columns_a, minmay_misc_feat_ornament

Action                     || total
---------------------------++-------
  Melee: Unarmed           ||    16
 Armour: Leather armour    ||    12
  Dodge: Dodged            ||    11

Table legend: (Time is in decaauts)
 A = Elapsed time spent in this place.
 B = Non-inter-level travel time spent in this place.
 C = Inter-level travel time spent in this place.
 D = Time resting spent in this place.
 E = Time spent auto-exploring this place.
 F = Levels seen in this place.
 G = Mean time per level.
                   A        B        C        D        E       F      G
               +--------+--------+--------+--------+--------+-----+--------+
         Total |     45 |     45 |      0 |      0 |     20 |   1 |   45.0 |
       Dungeon |     45 |     45 |      0 |      0 |     20 |   1 |   45.0 |
               +--------+--------+--------+--------+--------+-----+--------+

Top non-repeatable levels by time:
     D:5: 45 daAuts
